| TOP OF THE 1ST |
|
Montgomery Biscuits batting - Pitching for Frisco RoughRiders : RHP Tyler Jack
|
|
Pitching: RHP Tyler Jack
|
|
|
Batting: LHB Bill McGregor
|
0-0: Ball 1-0: Swinging Strike 1-1: Ball 2-1: Called Strike 2-2: SINGLE (Groundball, 4D, EV 110.6 MPH)
|
|
Batting: LHB Mark Marvin
|
0-0: Called Strike 0-1: Called Strike 0-2: SINGLE (Line Drive, 7LM, EV 110.0 MPH) Bill McGregor to second
|
|
Batting: SHB Lou Kroneman
|
0-0: Called Strike 0-1: Ball 1-1: SINGLE (Line Drive, 4M, EV 95.0 MPH) Bill McGregor to third Mark Marvin to second
|
|
Batting: RHB David Ward
|
0-0: Swinging Strike 0-1: Ball 1-1: Ball 2-1: Swinging Strike 2-2: Strikes out swinging
|
|
Batting: SHB Wayne Hattan
|
0-0: Ball 1-0: Called Strike 1-1: Fly out, F7 (Flyball, 78D, EV 107.5 MPH) Runner from 3rd tags up, SCORES, no throw by LF
|
|
Batting: SHB Julio Hernandez
|
0-0: Called Strike 0-1: Ball 1-1: Foul Ball, location: 2F 1-2: Strikes out swinging
|
| Top of the 1st over - 1 run, 3 hits, 0 errors, 2 left on base; Montgomery 1 - Frisco 0 |
| BOTTOM OF THE 1ST |
|
Frisco RoughRiders batting - Pitching for Montgomery Biscuits : RHP Eric Smith
|
|
Pitching: RHP Eric Smith
|
|
|
Batting: RHB Chris Torlak
|
0-0: Called Strike 0-1: SINGLE (Groundball, 4D, EV 106.2 MPH)
|
|
Batting: LHB Justin Barker
|
0-0: Called Strike 0-1: Ball 1-1: Called Strike 1-2: Foul Ball, location: 2F 1-2: Strikes out looking
|
|
Batting: RHB Adryão Anto
|
0-0: Ball 1-0: Ball 2-0: Called Strike 2-1: Foul Ball, location: 2F 2-2: Fly out, F5 (Popup, 56, EV 65.0 MPH)
|
|
Batting: LHB Davey Schonewille
|
0-0: Foul Ball, location: 2F 0-1: Ball 1-1: Ball 2-1: Ball 3-1: Base on Balls Chris Torlak to second
|
|
Batting: LHB Ben Radach
|
0-0: Ball 1-0: Ball 2-0: Ball 3-0: Base on Balls Chris Torlak to third Davey Schonewille to second
|
|
Batting: RHB Jason Swisher
|
0-0: Called Strike 0-1: Ball 1-1: TRIPLE (Flyball, 78XD, EV 100.0 MPH) Chris Torlak scores Davey Schonewille scores Ben Radach scores
|
|
Batting: LHB Franklin Quezada
|
0-0: Ball 1-0: Called Strike 1-1: 2-RUN HOME RUN (Flyball, 7D, EV 103.8 MPH), Distance : 385 ft
|
|
Batting: RHB Gavin Fimple
|
0-0: Foul Ball, location: 2F 0-1: Ball 1-1: Ball 2-1: Called Strike 2-2: Ball 3-2: Base on Balls
|
|
Batting: RHB Zach Thomason
|
Pickoff Throw to First - Out! 1-3
|
| Bottom of the 1st over - 5 runs, 3 hits, 0 errors, 0 left on base; Montgomery 1 - Frisco 5 |
| TOP OF THE 2ND |
|
Montgomery Biscuits batting - Pitching for Frisco RoughRiders : RHP Tyler Jack
|
|
Batting: RHB Freddy Mullen
|
0-0: Ball 1-0: Ball 2-0: Fly out, F9 (Flyball, 89S, EV 95.0 MPH)
|
|
Batting: LHB Dan Hunt
|
0-0: Called Strike 0-1: SINGLE (Groundball, 3S, EV 75.6 MPH) (infield hit)
|
|
Batting: RHB Chris Glavin
|
0-0: Called Strike Dan Hunt is caught stealing 2nd base 2-4 0-1: Called Strike 0-2: Ball 1-2: Strikes out looking
|
| Top of the 2nd over - 0 runs, 1 hit, 0 errors, 0 left on base; Montgomery 1 - Frisco 5 |
| BOTTOM OF THE 2ND |
|
Frisco RoughRiders batting - Pitching for Montgomery Biscuits : RHP Eric Smith
|
|
Batting: RHB Zach Thomason
|
0-0: Ball 1-0: Ground out 5-3 (Groundball, 56S, EV 81.2 MPH)
|
|
Batting: RHB Chris Torlak
|
0-0: Swinging Strike 0-1: SINGLE (Line Drive, 56D, EV 96.9 MPH)
|
|
Batting: LHB Justin Barker
|
0-0: Called Strike 0-1: Foul Ball, location: 2F 0-2: Strikes out looking
|
|
Batting: RHB Adryão Anto
|
0-0: Hit by Pitch Chris Torlak to second
|
|
Pitching: RHP David Breaux
|
|
|
Batting: LHB Davey Schonewille
|
0-0: Called Strike 0-1: Ball 1-1: Ball 2-1: Fly out, F7 (Flyball, 7S, EV 78.1 MPH)
|
| Bottom of the 2nd over - 0 runs, 1 hit, 0 errors, 2 left on base; Montgomery 1 - Frisco 5 |
| TOP OF THE 3RD |
|
Montgomery Biscuits batting - Pitching for Frisco RoughRiders : RHP Tyler Jack
|
|
Batting: LHB Bill McGregor
|
0-0: Hit by Pitch
|
|
Batting: LHB Mark Marvin
|
0-0: Ball 1-0: Foul Ball, location: 2F 1-1: Ball 2-1: Ball 3-1: Fly out, F9 (Line Drive, 9D, EV 92.5 MPH)
|
|
Batting: SHB Lou Kroneman
|
0-0: Ball 1-0: Ball 2-0: Foul Ball, location: 2F 2-1: Ball 3-1: Fielders Choice at 2nd, 4-6 (Groundball, 34, EV 80.6 MPH)
|
|
Batting: RHB David Ward
|
0-0: Ball 1-0: Foul Ball, location: 2F 1-1: Ball 2-1: Ball 3-1: Called Strike 3-2: DOUBLE (Flyball, 8LXD, EV 113.8 MPH) Lou Kroneman to third Lou Kroneman scores
|
|
Batting: SHB Wayne Hattan
|
0-0: Fly out, F7 (Flyball, 7D, EV 82.5 MPH)
|
| Top of the 3rd over - 1 run, 1 hit, 0 errors, 1 left on base; Montgomery 2 - Frisco 5 |
| BOTTOM OF THE 3RD |
|
Frisco RoughRiders batting - Pitching for Montgomery Biscuits : RHP David Breaux
|
|
Batting: LHB Ben Radach
|
0-0: Ball 1-0: Ball 2-0: Ball 3-0: Called Strike 3-1: Foul Ball, location: 2F 3-2: Foul Ball, location: 2F 3-2: SOLO HOME RUN (Flyball, 9D, EV 98.1 MPH), Distance : 389 ft
|
|
Batting: RHB Jason Swisher
|
0-0: Ball 1-0: Foul Ball, location: 2F 1-1: Ball 2-1: Called Strike 2-2: Strikes out swinging
|
|
Batting: LHB Franklin Quezada
|
0-0: Called Strike 0-1: Ball 1-1: Called Strike 1-2: Strikes out looking
|
|
Batting: RHB Gavin Fimple
|
0-0: Ball 1-0: Called Strike 1-1: Fly out, F9 (Flyball, 9D, EV 103.8 MPH)
|
| Bottom of the 3rd over - 1 run, 1 hit, 0 errors, 0 left on base; Montgomery 2 - Frisco 6 |
| TOP OF THE 4TH |
|
Montgomery Biscuits batting - Pitching for Frisco RoughRiders : RHP Tyler Jack
|
|
Batting: SHB Julio Hernandez
|
0-0: Called Strike 0-1: Foul Ball, location: 2F 0-2: Ball 1-2: Ball 2-2: Strikes out swinging
|
|
Batting: RHB Freddy Mullen
|
0-0: Ball 1-0: Fly out, F7 (Flyball, 78M, EV 76.9 MPH)
|
|
Batting: LHB Dan Hunt
|
0-0: Called Strike 0-1: Foul Ball, location: 2F 0-2: Ground out U3 (Groundball, 3, EV 88.1 MPH)
|
| Top of the 4th over - 0 runs, 0 hits, 0 errors, 0 left on base; Montgomery 2 - Frisco 6 |
| BOTTOM OF THE 4TH |
|
Frisco RoughRiders batting - Pitching for Montgomery Biscuits : RHP David Breaux
|
|
Batting: RHB Zach Thomason
|
0-0: Foul Ball, location: 2F 0-1: Ball 1-1: SINGLE (Line Drive, 9LS, EV 88.1 MPH)
|
|
Batting: RHB Chris Torlak
|
0-0: Ball 1-0: Swinging Strike 1-1: Foul Ball, location: 2F 1-2: Strikes out looking
|
|
Batting: LHB Justin Barker
|
0-0: Ball 1-0: Foul Ball, location: 2F 1-1: Ball Pickoff Throw to First - Out! 1-3 CS 2-1: Foul Ball, location: 2F 2-2: Ball 3-2: Fly out, F7 (Flyball, 7, EV 90.0 MPH)
|
| Bottom of the 4th over - 0 runs, 1 hit, 0 errors, 0 left on base; Montgomery 2 - Frisco 6 |
| TOP OF THE 5TH |
|
Montgomery Biscuits batting - Pitching for Frisco RoughRiders : RHP Tyler Jack
|
|
Batting: RHB Chris Glavin
|
0-0: Ball 1-0: Called Strike 1-1: Ball 2-1: Swinging Strike 2-2: Strikes out swinging
|
|
Batting: LHB Bill McGregor
|
0-0: Called Strike 0-1: Ball 1-1: Foul Ball, location: 2F 1-2: Ball 2-2: Foul Ball, location: 2F 2-2: DOUBLE (Groundball, 3L, EV 100.6 MPH)
|
|
Batting: LHB Mark Marvin
|
0-0: Ball 1-0: Ball 2-0: Ball 3-0: Base on Balls
|
|
Batting: SHB Lou Kroneman
|
0-0: Ball 1-0: Called Strike 1-1: Foul Ball, location: 2F 1-2: Foul Ball, location: 2F 1-2: Ball 2-2: Strikes out swinging
|
|
Batting: RHB David Ward
|
0-0: Ball 1-0: Ball 2-0: Ball 3-0: Base on Balls Bill McGregor to third Mark Marvin to second
|
|
Batting: SHB Wayne Hattan
|
0-0: Ball 1-0: Ball 2-0: Swinging Strike 2-1: Foul Ball, location: 2F 2-2: Ball 3-2: Strikes out looking
|
| Top of the 5th over - 0 runs, 1 hit, 0 errors, 3 left on base; Montgomery 2 - Frisco 6 |
| BOTTOM OF THE 5TH |
|
Frisco RoughRiders batting - Pitching for Montgomery Biscuits : RHP David Breaux
|
|
Batting: RHB Adryão Anto
|
0-0: Called Strike 0-1: Ball 1-1: Ground out 5-3 (Groundball, 5S, EV 81.9 MPH)
|
|
Batting: LHB Davey Schonewille
|
0-0: Ground out 5-3 (Groundball, 15, EV 84.4 MPH)
|
|
Batting: LHB Ben Radach
|
0-0: Swinging Strike 0-1: Ball 1-1: Ball 2-1: Foul Ball, location: 2F 2-2: Ground out 5-3 (Groundball, 6S, EV 62.5 MPH)
|
| Bottom of the 5th over - 0 runs, 0 hits, 0 errors, 0 left on base; Montgomery 2 - Frisco 6 |
| TOP OF THE 6TH |
|
Montgomery Biscuits batting - Pitching for Frisco RoughRiders : RHP Tyler Jack
|
|
Pitching: RHP Mario Sanchez
|
|
|
Batting: SHB Julio Hernandez
|
0-0: Called Strike 0-1: Ball 1-1: Foul Ball, location: 2F 1-2: SINGLE (Groundball, 6MD, EV 86.2 MPH) (infield hit)
|
|
Batting: RHB Freddy Mullen
|
0-0: Called Strike 0-1: Fly out, F8 (Flyball, 8LM, EV 83.8 MPH)
|
|
Batting: LHB Dan Hunt
|
0-0: Ball 1-0: Foul Ball, location: 2F 1-1: Swinging Strike 1-2: Foul Ball, location: 2F 1-2: Foul Ball, location: 2F 1-2: Strikes out swinging
|
|
Pitching: RHP Marc Duncan
|
|
|
Batting: RHB Chris Glavin
|
0-0: Called Strike Julio Hernandez steals 2nd base 0-1: Called Strike 0-2: Strikes out swinging
|
| Top of the 6th over - 0 runs, 1 hit, 0 errors, 1 left on base; Montgomery 2 - Frisco 6 |
| BOTTOM OF THE 6TH |
|
Frisco RoughRiders batting - Pitching for Montgomery Biscuits : RHP David Breaux
|
|
Batting: RHB Jason Swisher
|
0-0: Ball 1-0: Swinging Strike 1-1: SINGLE (Groundball, 56D, EV 105.6 MPH)
|
|
Batting: LHB Franklin Quezada
|
0-0: Ball 1-0: Ball 2-0: Swinging Strike 2-1: Called Strike 2-2: Foul Ball, location: 2F 2-2: 2-RUN HOME RUN (Flyball, 9D, EV 95.0 MPH), Distance : 377 ft
|
|
Pitching: RHP Josh Heath
|
|
|
Batting: RHB Gavin Fimple
|
0-0: Ball 1-0: Foul Ball, location: 2F 1-1: Swinging Strike 1-2: Foul Ball, location: 2F 1-2: Strikes out swinging
|
|
Batting: RHB Zach Thomason
|
0-0: Ball 1-0: Foul Ball, location: 2F 1-1: Ball 2-1: Fly out, F4 (Popup, 4M, EV 62.5 MPH)
|
|
Batting: RHB Chris Torlak
|
0-0: Ball 1-0: Ball 2-0: Fly out, F9 (Flyball, 9, EV 91.9 MPH)
|
| Bottom of the 6th over - 2 runs, 2 hits, 0 errors, 0 left on base; Montgomery 2 - Frisco 8 |
| TOP OF THE 7TH |
|
Montgomery Biscuits batting - Pitching for Frisco RoughRiders : RHP Marc Duncan
|
|
Batting: LHB Bill McGregor
|
0-0: Ball 1-0: Called Strike 1-1: Ball 2-1: Swinging Strike 2-2: Ball 3-2: Fly out, F6 (Popup, 15, EV 81.2 MPH)
|
|
Batting: LHB Mark Marvin
|
0-0: Ball 1-0: Ball 2-0: Foul Ball, location: 2F 2-1: Ground out 1-3 (Groundball, 34S, EV 67.5 MPH)
|
|
Batting: SHB Lou Kroneman
|
0-0: Called Strike 0-1: Foul Ball, location: 2F 0-2: Ball 1-2: Strikes out looking
|
| Top of the 7th over - 0 runs, 0 hits, 0 errors, 0 left on base; Montgomery 2 - Frisco 8 |
| BOTTOM OF THE 7TH |
|
Frisco RoughRiders batting - Pitching for Montgomery Biscuits : RHP Josh Heath
|
|
Batting: LHB Justin Barker
|
0-0: Ball 1-0: Ball 2-0: Swinging Strike 2-1: Fly out, F8 (Line Drive, 8LD, EV 104.4 MPH)
|
|
Batting: RHB Adryão Anto
|
0-0: Ball 1-0: Ball 2-0: Called Strike 2-1: Ball 3-1: Base on Balls
|
|
Batting: LHB Davey Schonewille
|
0-0: Called Strike 0-1: Ball 1-1: Ball Passed Ball! Adryão Anto to second 2-1: Called Strike 2-2: Strikes out swinging
|
|
Batting: LHB Ben Radach
|
0-0: Foul Ball, location: 2F 0-1: Ball 1-1: Ball 2-1: Ball 3-1: TRIPLE (Line Drive, 89XD, EV 104.4 MPH) Adryão Anto scores
|
|
Batting: RHB Jason Swisher
|
0-0: Ball 1-0: Ball 2-0: Ball 3-0: Called Strike 3-1: Fly out, F9 (Flyball, 9S, EV 81.2 MPH)
|
| Bottom of the 7th over - 1 run, 1 hit, 0 errors, 1 left on base; Montgomery 2 - Frisco 9 |
| TOP OF THE 8TH |
|
Montgomery Biscuits batting - Pitching for Frisco RoughRiders : RHP Marc Duncan
|
|
Batting: RHB David Ward
|
0-0: Foul Ball, location: 2F 0-1: Ball 1-1: DOUBLE (Flyball, 8LXD, EV 103.1 MPH)
|
|
Batting: SHB Wayne Hattan
|
0-0: Ball 1-0: Ball Passed Ball! David Ward to third 2-0: Ball 3-0: Called Strike 3-1: Swinging Strike 3-2: Foul Ball, location: 2F 3-2: Strikes out swinging
|
|
Batting: SHB Julio Hernandez
|
0-0: Hit by Pitch
|
|
Batting: RHB Freddy Mullen
|
0-0: Called Strike 0-1: Ball 1-1: Ball 2-1: Foul Ball, location: 2F 2-2: Fly out, F8 (Flyball, 8RD, EV 74.4 MPH) Runner from 3rd tags up, SCORES, throw by CF
|
|
Batting: LHB Dan Hunt
|
0-0: Swinging Strike 0-1: Ball 1-1: Swinging Strike 1-2: Foul Ball, location: 2F 1-2: Strikes out looking
|
| Top of the 8th over - 1 run, 1 hit, 0 errors, 1 left on base; Montgomery 3 - Frisco 9 |
| BOTTOM OF THE 8TH |
|
Frisco RoughRiders batting - Pitching for Montgomery Biscuits : RHP Josh Heath
|
|
Batting: LHB Franklin Quezada
|
0-0: Called Strike 0-1: Called Strike 0-2: Ball 1-2: Foul Ball, location: 2F 1-2: Strikes out looking
|
|
Batting: RHB Gavin Fimple
|
0-0: Ball 1-0: Called Strike 1-1: Ball 2-1: Foul Ball, location: 2F 2-2: SINGLE (Groundball, 6MD, EV 94.4 MPH)
|
|
Pitching: RHP Jeremy Price
|
|
|
Batting: RHB Zach Thomason
|
0-0: Ball 1-0: Foul Ball, location: 2F 1-1: Swinging Strike 1-2: Ball 2-2: Ball 3-2: Base on Balls Gavin Fimple to second
|
|
Batting: RHB Chris Torlak
|
0-0: Ball 1-0: Ball 2-0: Ball 3-0: Foul Ball, location: 2F 3-1: Foul Ball, location: 2F 3-2: Strikes out looking
|
|
Batting: LHB Justin Barker
|
0-0: Called Strike 0-1: Foul Ball, location: 2F 0-2: Ball 1-2: Strikes out swinging
|
| Bottom of the 8th over - 0 runs, 1 hit, 0 errors, 2 left on base; Montgomery 3 - Frisco 9 |
| TOP OF THE 9TH |
|
Montgomery Biscuits batting - Pitching for Frisco RoughRiders : RHP Marc Duncan
|
|
Batting: RHB Chris Glavin
|
0-0: Called Strike 0-1: Swinging Strike 0-2: Foul Ball, location: 2F 0-2: Strikes out swinging
|
|
Pitching: RHP Bill Tindall
|
|
|
Batting: LHB Bill McGregor
|
0-0: Ground out 4-3 (Groundball, 4, EV 101.2 MPH)
|
|
Batting: LHB Mark Marvin
|
0-0: Called Strike 0-1: Ground out 1-3 (Groundball, 15S, EV 68.8 MPH)
|
| Top of the 9th over - 0 runs, 0 hits, 0 errors, 0 left on base; Montgomery 3 - Frisco 9 |
|